 Dungeon Crawl Stone Soup version 0.31.0-12-g77e489cdc1 (webtiles) character file.

Game seed: 4948768356711005171

410 hawla the Ducker (level 6, -1/52 HPs)
             Began as a Minotaur Fighter on Feb 16, 2024.
             Slain by Prince Ribbit (13 damage)
             ... on level 5 of the Dungeon.
             The game lasted 00:08:50 (2988 turns).

hawla the Ducker (Minotaur Fighter)                 Turns: 2988, Time: 00:08:50

Health: -1/52      AC: 12    Str: 26    XL:     6   Next: 58%
Magic:  5/5        EV:  8    Int:  1    God:
Gold:   89         SH:  4    Dex:  9    Spells: 5/5 levels left

rFire   . . .        a - +0 war axe
rCold   . . .        c - +0 buckler
rNeg    . . .        s - +0 plate armour of Weightlessness {Rampage Regen+ Str+3 Int-4}
rPois   .            (helmet restricted)
rElec   .            (no cloak)
rCorr   .            e - +0 pair of gloves
SInv    .            (no boots)
Will    .....        (no amulet) Stlth
                     (no ring)
HPRegen 1.08/turn    (no ring)
MPRegen 0.09/turn

%: rampage
@: no status effects
A: horns 2, retaliatory headbutt
a: no special abilities


You were on level 5 of the Dungeon.
You visited 1 branch of the dungeon, and saw 5 of its levels.

You collected 173 gold pieces.
You spent 84 gold pieces at shops.

Inventory:

Hand Weapons
 a - a +0 war axe (weapon)
Missiles
 b - 2 atropa-tipped darts (quivered)
 t - 5 poisoned darts
Armour
 c - a +0 buckler (worn)
 e - a +0 pair of gloves (worn)
 s - the +0 plate armour of Weightlessness (worn) {Rampage Regen+ Str+3 Int-4}
   (You took it off a hobgoblin on level 3 of the Dungeon)

   Str+3:     It affects your strength (+3).
   Int-4:     It affects your intelligence (-4).
   Regen+:    It increases your rate of health regeneration.
   Rampage:   It bestows one free step when moving towards enemies.
Scrolls
 g - a scroll of torment
 i - 2 scrolls of blinking
 l - 2 scrolls of teleportation
 m - 3 scrolls of vulnerability
 o - a scroll of butterflies
Potions
 d - 2 potions of might
 f - a potion of haste {unknown}
 h - a potion of mutation {unknown}
 j - a potion of ambrosia {unknown}
 k - a potion of attraction {unknown}
 n - 2 potions of lignification {unknown}
 p - a potion of curing {unknown}
 q - 2 potions of heal wounds {unknown}
 r - a potion of cancellation {unknown}


   Skills:
 - Level 4.0 Fighting
 - Level 3.1 Axes
 + Level 1.3 Throwing
 - Level 3.6 Armour
 - Level 6.0 Dodging
 - Level 5.0 Shields


You had 5 spell levels left.
You didn't know any spells.
Your spell library was empty.

Dungeon Overview and Level Annotations

Branches:
Dungeon (5/15)
 Temple: D:4-7

Altars:
Okawaru
Trog

Shops:
D:1 ?[(

Annotations:
D:5 Prince Ribbit


Innate Abilities, Weirdness & Mutations

You have a pair of horns on your head.
You reflexively headbutt those who attack you in melee.


Message History

The sleepcap closely misses you.
You hit the sleepcap but do no damage.
You headbutt the sleepcap, but do no damage.
The sleepcap is severely damaged.
The sleepcap releases spores at you but does no damage. x2
You hit the sleepcap but do no damage.
The sleepcap is severely damaged.
The sleepcap barely misses you. You furiously retaliate!
You headbutt the sleepcap! You slash the sleepcap!
You destroy the sleepcap!
Your Throwing skill increases to level 1!
No target in view!
t - 5 poisoned darts
Okay, then.
Found a stone staircase leading down.
Prince Ribbit comes into view.
Prince Ribbit is nearby!
Prince Ribbit is nearby!
You rampage towards Prince Ribbit!
Prince Ribbit hits you.
You slash Prince Ribbit! Your headbutt misses Prince Ribbit.
Prince Ribbit is heavily wounded.
Prince Ribbit closely misses you.
Prince Ribbit croaks regally.
Prince Ribbit hits you but does no damage.
You barely miss Prince Ribbit.
Prince Ribbit is heavily wounded.
Prince Ribbit barely misses you.
Prince Ribbit croaks regally.
Prince Ribbit hits you!
You barely miss Prince Ribbit.
Prince Ribbit is heavily wounded.
Prince Ribbit hits you! x2
* * * LOW HITPOINT WARNING * * *
You are too injured to fight recklessly!
You are too injured to fight recklessly!
You hit Prince Ribbit but do no damage.
Prince Ribbit is heavily wounded.
Prince Ribbit barely misses you. Prince Ribbit hits you!
You die...

###.........##...#....#
###....#+#..#.......###
...#...+ +..#.......#
.......# #..........#
.................##.##
..#..........^.#####.#
####...###.....# ##..#
# #...# #......##..##
#.....F@..##
#.....##.## ....# ##.#
..# #.# # .# #


You could see Prince Ribbit.

Vanquished Creatures
  A phantom (D:4)
  A scorpion (D:4)
  A jelly (D:3)
  A hound (D:4)
  An orc priest (D:3)
  A sleepcap (D:5)
  An iguana (D:4)
  5 adders
  2 dart slugs
  4 ribbon worms
  5 orcs (D:3)
  2 ball pythons (D:2)
  5 bats
  3 endoplasms
  2 giant cockroaches
  8 goblins
  12 hobgoblins
  8 kobolds
  3 quokkas (D:2)
  2 frilled lizards
  4 rats
72 creatures vanquished.

Notes
Turn   | Place    | Note
-------+----------+-------------------------------------------
     0 | D:1      | hawla the Minotaur Fighter began the quest for the Orb.
     0 | D:1      | Reached XP level 1. HP: 19/19 MP: 0/0
    42 | D:1      | Found Ankuf's Antique Weapon Emporium.
    65 | D:1      | Found Uryf's Armour Emporium.
   126 | D:1      | Reached XP level 2. HP: 27/27 MP: 1/1
   489 | D:1      | Found Juxtofai's Magic Scroll Boutique.
   812 | D:2      | Reached XP level 3. HP: 27/33 MP: 2/2
  1295 | D:2      | Reached skill level 5 in Shields
  1590 | D:2      | Reached skill level 1 in Dodging
  1688 | D:1      | Bought a scroll of identify for 24 gold pieces
  1688 | D:1      | Bought a scroll of teleportation for 36 gold pieces
  1688 | D:1      | Bought a scroll of identify for 24 gold pieces
  1841 | D:3      | Reached XP level 4. HP: 25/40 MP: 3/3
  1927 | D:3      | Reached skill level 2 in Dodging
  1941 | D:3      | Identified the +0 plate armour of Weightlessness {Rampage
                  | Regen+ Str+3 Int-4}
  1982 | D:3      | Reached skill level 3 in Dodging
  2126 | D:3      | Reached XP level 5. HP: 46/46 MP: 4/4
  2329 | D:3      | Reached skill level 4 in Dodging
  2454 | D:4      | Noticed a phantom
  2466 | D:4      | Killed a phantom
  2467 | D:4      | Reached skill level 5 in Dodging
  2467 | D:4      | Reached XP level 6. HP: 50/52 MP: 5/5
  2627 | D:4      | Found a bloodstained altar of Trog.
  2651 | D:4      | Reached skill level 6 in Dodging
  2848 | D:4      | Found an iron altar of Okawaru.
  2900 | D:5      | Entered Level 5 of the Dungeon
  2910 | D:5      | Reached skill level 1 in Throwing
  2982 | D:5      | Noticed Prince Ribbit
  2988 | D:5      | Slain by Prince Ribbit

Illustrated notes

Levels and vault maps discovered:
D:1:      elethiomel_arrival_infinity_welcomes_careful_drivers, layout_rooms,
          serial_shops, nicolae_shop_statue_plus, shop, nicolae_shop_rolled_up
D:2:      layout_basic
D:3:      layout_loops_ring, corexii_shack
D:4:      layout_cave_pools, okawaru_gym_becter, overflow_temple_1_default
D:5:      layout_layer_cave, kennysheep_mini_moat, led_xom_imps,
          chequers_serial_rivers_micro_b, nicolae_zig_zag_zippers,
          uniq_prince_ribbit1, uniq_edmund, uniq_duvessa

Skill      XL: |  1  2  3  4  5  6 |
---------------+-------------------+-----
Fighting       | 4 |  4.0
Axes           | 3 |  3.1
Shields        | 4 5 |  5.0
Dodging        | 1 3 5 6 |  6.0
Throwing       | 1 |  1.3
Armour         | |  3.6

Action                     |  1- 3 |  4- 6 || total
---------------------------+-------+-------++-------
  Melee: War axe           |    88 |   113 ||   201
         Headbutt          |    13 |    16 ||    29
    Use: Scroll            |     5 |     1 ||     6
 Armour: Scale mail        |    52 |     5 ||    57
         Plate armour      |       |    74 ||    74
  Dodge: Dodged            |    37 |    41 ||    78
  Block: Buckler           |    20 |    22 ||    42
